 Dungeon Crawl Stone Soup version 0.18-a0-455-gc7d4c65 (webtiles) character file.

4284 M4edhros the Covert (level 10, -12/58 HPs)
             Began as an Octopode Artificer on Dec 2, 2015.
             Was a Follower of Cheibriados.
             Mangled by a yak (14 damage)
             ... on level 7 of the Dungeon.
             The game lasted 00:17:11 (8887 turns).

M4edhros the Covert (Octopode Artificer)            Turns: 8887, Time: 00:17:12

Health: -12/58     AC:  6    Str: 14      XL:     10   Next: 32%
Magic:  27/27      EV: 10    Int: 25 (26) God:    Cheibriados [*.....]
Gold:   472        SH:  5    Dex: 17      Spells: 0 memorised, 9 levels left

rFire  . . .     SeeInvis .     E - +0 trident (venom)
rCold  . . .     Rnd*Rage +     L - -2 shield (curse)
rNeg   . . .     SustAt   +     (helmet restricted)
rPois  .         Gourm    .     (no amulet)
rElec  .         Spirit   .     w - ring of magical power
rCorr  .         Dsmss    .     n - ring of protection from magic
rMut   .         Stasis   .     z - ring of sustain attributes
MR     +....                    D - +5 ring of protection
Stlth  ++++++++..               (no ring)
                                (no ring)
                                (no ring)
                                (no ring)

@: brilliant, lethally poisoned (-12 -> -17), very slow, somewhat resistant to
hostile enchantments, extraordinarily stealthy
A: almost no armour, amphibious, 8 rings, constrict 8, tentacle spike 1,
camouflage 1, agile 1, berserk 1, gelatinous body 1
a: Bend Time, Renounce Religion


You were on level 7 of the Dungeon.
You worshipped Cheibriados.
Cheibriados was aware of your devotion.
You were not hungry.

You visited 1 branch of the dungeon, and saw 8 of its levels.

You collected 472 gold pieces.

Inventory:

Hand Weapons
 a - a +0 short sword
 x - a +2 flail of crushing
 E - a +0 trident of venom (weapon)
Missiles
 l - 5 tomahawks of dispersal (quivered)
 r - 160 stones
Armour
 L - a cursed -2 shield (worn)
Jewellery
 n - a ring of protection from magic (right tentacle)
 w - a ring of magical power (left tentacle)
 z - a ring of sustain attributes (on tentacle)
 D - a +5 ring of protection (on tentacle)
Wands
 c - a wand of enslavement (0)
 d - a wand of random effects (0)
 B - a wand of disintegration (0)
 M - a wand of invisibility (4)
 P - a wand of draining (8)
Scrolls
 h - 10 scrolls of identify
 k - 4 scrolls of amnesia
 o - a scroll of magic mapping {unknown}
 p - 4 scrolls of noise {unknown}
 u - 2 scrolls of random uselessness {unknown}
 v - a scroll of enchant armour {unknown}
 y - 2 scrolls of fear {unknown}
 C - a scroll of fog {unknown}
 F - 3 scrolls of blinking {unknown}
 G - a scroll of immolation {unknown}
 H - 8 scrolls of remove curse
 I - a scroll of enchant weapon {unknown}
 O - a scroll of recharging {unknown}
Potions
 b - a potion of heal wounds {unknown}
 f - a potion of cancellation {unknown}
 g - a potion of agility {unknown}
 j - 2 potions of degeneration
 m - a potion of brilliance
 s - a potion of curing {unknown}
 A - 2 potions of poison
 J - a potion of might {unknown}
 K - a potion of invisibility {unknown}
 N - a potion of mutation {unknown}
Comestibles
 e - 8 bread rations
 i - 4 slices of pizza
 q - a meat ration
 t - a beef jerky


   Skills:
 - Level 1.0 Fighting
 - Level 1.0 Short Blades
 - Level 2.0 Dodging
 + Level 14.1 Stealth
 + Level 11.6 Evocations


You had 9 spell levels left.
You didn't know any spells.

Dungeon Overview and Level Annotations

Branches:
Dungeon (8/15)             Temple (0/1) D:4
   Lair: D:8-11

Altars:
Cheibriados
Makhleb
Nemelex Xobeh
Okawaru
Vehumet

Annotations:
D:4 M4edhros's ghost, amateur DgWn


Innate Abilities, Weirdness & Mutations

You cannot wear most types of armour.
You are amphibious.
You can wear up to eight rings at the same time.
You can use your tentacles to constrict eight enemies at once.
Your skin changes colour to match your surroundings (Stealth).
Your rubbery body absorbs attacks (AC +1).
One of your tentacles bears a spike.
You are agile. (Dex +2)
You tend to lose your temper in combat.


Message History

Unknown command.
Unknown command.
Drink which item? (? for menu, Esc to quit)
It was a potion of poison.
That liquid tasted very nasty...
You are poisoned.
You feel sick. The yak gores you.
* * * LOW HITPOINT WARNING * * *
Drink which item? (? for menu, Esc to quit)
It was a potion of brilliance.
You feel clever all of a sudden.
You feel sick. The yak closely misses you.
Drink which item? (? for menu, Esc to quit)
It was a potion of degeneration.
There was something very wrong with that liquid.
You feel somewhat dopey.
You feel yourself speed up.
You feel sick. The yak gores you.
* * * LOW HITPOINT WARNING * * *
The yak gores you!
You die...

### ######<#
#...##.# ##
#.#.##.## ##### ##.
#.#.....###...###..
#.........[........
#...#.#...#.#.#....
#.).#.#.#.#.#.#.#..
#.@Y......[.)....Y.
#..†..[.....###.#.#
#.......#.### #.#.#
#..[......# #y#.#
#...........# #Y#l#
#...........# #Yl.#
#...............(..
######.####........
#.# #........


You could see a yak.

Vanquished Creatures
  Pikel (D:4)
  A wasp (D:7)
  Sigmund (D:3)
  A spriggan (D:8)
  A wyvern (D:8)
  A water moccasin (D:5)
  A sky beast (D:7)
  3 orc warriors
  A slave (D:4)
  5 centaurs
  6 ogres
  A phantom (D:5)
  A crocodile (D:5)
  The ghost of M4edhros the Charlatan, an amateur OpAr (D:3)
  Blork the orc (D:4)
  2 giant frogs
  A scorpion (D:6)
  3 wights (D:7)
  4 crimson imps
  A giant frog zombie (D:7)
  An iguana (D:7)
  2 jellies
  4 orc priests
  A gnoll shaman (D:5)
  2 hounds
  2 giant frog skeletons
  5 worker ants
  An orc wizard (D:5)
  A hound skeleton (D:6)
  A worker ant zombie (D:7)
  3 gnolls (D:5)
  7 adders
  A shadow imp (D:4)
  4 oozes
  A worm (D:4)
  An adder skeleton (D:5)
  4 adder zombies
  20 orcs
  12 bats
  6 giant cockroaches
  8 goblins
  10 hobgoblins
  7 jackals
  4 kobolds
  10 quokkas
  A ball python (D:4)
  4 giant geckos
  A giant gecko skeleton (D:5)
  8 giant newts
  A quokka skeleton (D:8)
  7 rats
177 creatures vanquished.

Vanquished Creatures (collateral kills)
  3 yaks (D:7)
  A sky beast (D:5)
  A water moccasin skeleton (D:5)
  A wight (D:7)
  A crimson imp (D:5)
  An orc priest (D:7)
  A worker ant (D:8)
  A worker ant zombie (D:7)
  An adder (D:5)
  A giant gecko (D:7)
  4 orcs
  A ball python (D:2)
  A kobold (D:2)
  A rat (D:2)
19 creatures vanquished.

Vanquished Creatures (others)
  2 yaks (D:7)
  A wight (D:7)
  An orc priest (D:5)
4 creatures vanquished.

Grand Total: 200 creatures vanquished

Notes
Turn   | Place    | Note
--------------------------------------------------------------
     0 | D:1      | M4edhros the Octopode Artificer began the quest for the Orb.
     0 | D:1      | Reached XP level 1. HP: 13/13 MP: 3/3
   313 | D:1      | Reached XP level 2. HP: 12/18 MP: 4/4
   914 | D:2      | Reached skill level 4 in Evocations
   914 | D:2      | Reached XP level 3. HP: 11/23 MP: 4/6
  1146 | D:2      | Found a burning altar of Makhleb.
  1147 | D:2      | Noticed a cacodemon
  1266 | D:2      | Found an iron altar of Okawaru.
  1583 | D:3      | Reached XP level 4. HP: 25/28 MP: 7/7
  1784 | D:3      | Noticed Sigmund
  1788 | D:3      | Killed Sigmund
  1788 | D:3      | Reached skill level 6 in Stealth
  1788 | D:3      | Reached skill level 5 in Evocations
  1788 | D:3      | Reached XP level 5. HP: 24/33 MP: 8/8
  1803 | D:3      | Reached XP level 6. HP: 28/38 MP: 9/9
  1987 | D:3      | Found a sparkling altar of Nemelex Xobeh.
  1993 | D:3      | Found a sparkling altar of Nemelex Xobeh.
  2119 | D:4      | Noticed M4edhros's ghost (amateur DgWn)
  2190 | D:3      | Noticed M4edhros's ghost (amateur OpAr)
  2221 | D:3      | Killed M4edhros's ghost
  2589 | D:4      | Reached skill level 7 in Stealth
  2631 | D:4      | Noticed Pikel
  2696 | D:5      | Entered Level 5 of the Dungeon
  2721 | D:5      | Reached XP level 7. HP: 39/43 MP: 11/11
  2777 | D:5      | Reached skill level 8 in Stealth
  2938 | D:5      | Reached skill level 9 in Stealth
  3215 | D:5      | Reached XP level 8. HP: 22/48 MP: 13/13
  3362 | D:5      | Noticed Prince Ribbit
  3362 | D:5      | Noticed Prince Ribbit
  3362 | D:5      | Prince Ribbit changed into Prince Ribbit the crocodile
  3371 | D:5      | Killed Prince Ribbit the crocodile
  3740 | D:5      | Reached skill level 10 in Stealth
  4187 | D:6      | Reached skill level 11 in Stealth
  4396 | D:6      | Reached XP level 9. HP: 37/53 MP: 15/15
  5570 | D:7      | Reached skill level 12 in Stealth
  5608 | D:7      | Gained mutation: You regenerate slowly when monsters are visible. [mutagenic meat]
  5609 | D:7      | Lost mutation: You regenerate slowly when monsters are visible. [mutagenic meat]
  5610 | D:7      | Gained mutation: You tend to lose your temper in combat. [mutagenic meat]
  5611 | D:7      | Gained mutation: One of your tentacles bears a spike. [mutagenic meat]
  5613 | D:7      | Gained mutation: You are agile. (Dex +2) [mutagenic meat]
  5647 | D:7      | Reached skill level 10 in Evocations
  6006 | D:7      | Found a snail-covered altar of Cheibriados.
  6119 | D:7      | Became a worshipper of Cheibriados the Contemplative
  6688 | D:2      | Reached * piety under Cheibriados
  7108 | D:4      | Noticed Blork the orc
  7115 | D:4      | Killed Blork the orc
  7687 | D:4      | Killed Pikel
  7687 | D:4      | Reached skill level 13 in Stealth
  7687 | D:4      | Reached XP level 10. HP: 29/58 MP: 18/18
  7736 | D:4      | Found a staircase to the Ecumenical Temple.
  8363 | D:8      | Found a radiant altar of Vehumet.
  8880 | D:7      | Reached skill level 14 in Stealth
  8880 | D:7      | Paralysed by a wasp for 1 turns
  8887 | D:7      | HP: 2/58 [yak (5)]
  8887 | D:7      | Mangled by a yak

Vault maps used:
D:1:      sevenhm_arrival_forest_fort_small_6, corexii_leaking_fountain
D:2:      okawaru_ov_weapons_minmay, makhleb_altar_promises_db, first_bread
D:3:      nicolae_overflow_hidden_temple, nemelex_xobeh_ov_fountains_minmay,
          uniq_sigmund
D:4:      temple_hall, kennysheep_generic_room_11, uniq_pikel,
          uniq_blork_the_orc
D:5:      roderic_serpentine_path, kennysheep_generic_room_14,
          uniq_prince_ribbit1
D:6:      kennysheep_spiral_hall
D:7:      lemuel_round_altar, kennysheep_generic_room_7
D:8:      lemuel_crystal_altar, the_bakery

Action                   |  1- 3 |  4- 6 |  7- 9 | 10-12 || total
-------------------------+-------+-------+-------+-------++-------
Melee: Short sword       |    75 |    48 |   143 |       ||   266
       Trident           |       |       |   118 |    40 ||   158
Invok: Bend Time         |       |       |       |     4 ||     4
Evoke: Wand              |     4 |    15 |    30 |     6 ||    55
  Use: Scroll            |       |       |     3 |       ||     3
       Potion            |       |       |       |     3 ||     3
 Stab: Sleeping          |     9 |     8 |    39 |     4 ||    60
       Distracted        |       |       |     1 |     3 ||     4
  Eat: Chunk             |     2 |     3 |    15 |       ||    20
       Meat ration       |       |       |     1 |     1 ||     2
       Beef jerky        |       |       |     1 |       ||     1
